 Dungeon Crawl Stone Soup version 0.32-a0-932-g546787307d (webtiles) character file.

Game seed: 4069006857046092284

272 Decritt the Trooper (level 6, -2/56 HPs)
             Began as a Mountain Dwarf Fighter on Apr 13, 2024.
             Slain by an ogre
             ... wielding a +0 giant spiked club
              (23 damage)
             ... on level 4 of the Dungeon.
             The game lasted 00:07:35 (3196 turns).

Decritt the Trooper (Mountain Dwarf Fighter)        Turns: 3196, Time: 00:07:36

Health: -2/56      AC:  8    Str: 21    XL:     6   Next: 2%
Magic:  6/6        EV:  8    Int:  8    God:
Gold:   146        SH:  4    Dex:  9    Spells: 5/5 levels left

rFire   . . .        i - +0 broad axe
rCold   . . .        c - +0 buckler
rNeg    . . .        b - +0 scale mail
rPois   .            o - +0 helmet
rElec   .            (no cloak)
rCorr   .            (no gloves)
SInv    .            (no boots)
Will    .....        (no amulet) Stlth
                     (no ring)
HPRegen 0.29/turn    (no ring)
MPRegen 0.10/turn

%: no passive effects
@: no status effects
A: runic magic, artefact enchanting
a: no special abilities


You were on level 4 of the Dungeon.
You visited 1 branch of the dungeon, and saw 4 of its levels.

You collected 146 gold pieces.

Inventory:

Hand Weapons
 a - a +0 war axe
 i - a +0 broad axe (weapon)
Missiles
 p - a throwing net (quivered)
Armour
 b - a +0 scale mail (worn)
 c - a +0 buckler (worn)
 o - a +0 helmet (worn)
Jewellery
 k - a ring of magical power
Talismans
 f - a granite talisman
Wands
 r - a wand of warping (2)
 s - a wand of paralysis (8)
 t - a wand of flame (5)
Scrolls
 e - a scroll of enchant armour {unknown}
 h - 4 scrolls of identify {unknown}
 j - a scroll of teleportation {unknown}
 l - a scroll of poison {unknown}
 m - a scroll of torment {unknown}
 n - a scroll of revelation {unknown}
 u - a scroll of amnesia {unknown}
Potions
 d - a potion of might
 g - 2 potions of curing {unknown}
 q - a potion of magic {unknown}


   Skills:
 * Level 5.1 Fighting
 * Level 4.8 Axes
 + Level 4.2 Armour
 + Level 4.1 Shields


You had 5 spell levels left.
You didn't know any spells.
Your spell library contained the following spells:

 Spells                   Type           Power      Damage    Failure   Level
 Inner Flame              Hex/Fire       0%         N/A       90%         3
 Animate Dead             Necr           0%         N/A       100%        4
 Borgnjor's Vile Clutch   Necr/Erth      0%         N/A       100%        5
 Irradiate                Conj/Alch      0%         3d11      100%        5
 Death Channel            Necr           0%         N/A       100%        6
 Ignition                 Fire           0%         3d3       100%        8


Dungeon Overview and Level Annotations

Branches:
Dungeon (4/15)
 Temple: D:4-7

Altars:

Annotations:
D:3 3 runed translucent doors, whodunnit's ghost, amateur OpWr


Innate Abilities, Weirdness & Mutations

Your spellcasting is much less encumbered by armour.
You can use scrolls of enchantment on lesser artefacts.


Message History

The adder is lightly wounded.
You closely miss the ball python. The adder barely misses you.
The ball python barely misses you. The ball python grabs you.
The ball python constricts you. The adder bites you but does no damage.
You slash the ball python!
You kill the ball python!
You slash the adder!
You kill the adder!
Unknown command.
No target in view!
You see here a ball python corpse.
A scorpion comes into view.
You see here a wand of flame (5).
You slash the scorpion!
The scorpion is heavily wounded.
The scorpion barely misses you. The scorpion closely misses you.
You slash the scorpion!
The scorpion is almost dead.
The scorpion stings you. x2
You slash the scorpion!
You kill the scorpion!
Your Fighting skill increases to level 5!
You have reached level 6!
t - a wand of flame (5)
Found a stone staircase leading up.
u - a scroll labelled KUULOOTHUH An ogre comes into view.
It is wielding a +0 giant spiked club.
The ogre shouts!
Found a scroll labelled PEEFRU SEULUMU.
The ogre hits you with a +0 giant spiked club!
You slash the ogre!
The ogre is severely wounded.
The ogre hits you with a +0 giant spiked club!!
* * * LOW HITPOINT WARNING * * *
You hit the ogre.
The ogre is severely wounded.
You hit the ogre but do no damage.
The ogre is severely wounded.
The ogre hits you with a +0 giant spiked club!!
You die...

....#†..#######
#.# #####...#
.. #.# #...#
####.##.## #
#...#
#........###.#
#####...#
#.##.#.......#
)..†....# #
###.###.#
...†..###
#.....# ......#
#.....##.#
......#
#@.......#
####.##
#..O.....####
#.# #...##.#.#
#.. #..##
#.#..# ##..
#... #+##+# #.#
...# ..# ?.


You could see an ogre.

Vanquished Creatures
  A scorpion (D:4)
  Natasha (thrice) (D:3)
  3 gnolls (D:3)
  5 adders
  A dart slug (D:3)
  A ribbon worm (D:3)
  2 orcs
  6 ball pythons
  2 endoplasms (D:3)
  A giant cockroach (D:1)
  5 goblins
  4 hobgoblins
  2 jackals (D:2)
  6 kobolds
  6 quokkas
  6 bats
  4 frilled lizards
  4 rats
62 creatures vanquished.

Notes
Turn   | Place    | Note
-------+----------+-------------------------------------------
     0 | D:1      | Decritt the Mountain Dwarf Fighter began the quest for the
                  | Orb.
     0 | D:1      | Reached XP level 1. HP: 19/19 MP: 1/1
   494 | D:1      | Reached XP level 2. HP: 26/26 MP: 2/2
  1129 | D:2      | Reached XP level 3. HP: 33/33 MP: 3/3
  1880 | D:3      | Reached skill level 4 in Fighting
  1911 | D:3      | Found a runed translucent gate.
  1911 | D:3      | Found a runed translucent gate.
  1911 | D:3      | Found a runed translucent gate.
  2163 | D:3      | Reached XP level 4. HP: 25/40 MP: 4/4
  2264 | D:3      | Noticed Natasha
  2278 | D:3      | Killed Natasha
  2435 | D:3      | Noticed Natasha
  2440 | D:3      | Killed Natasha
  2441 | D:3      | Reached XP level 5. HP: 40/47 MP: 5/5
  2670 | D:3      | Noticed Natasha
  2680 | D:3      | Killed Natasha
  2854 | D:3      | Noticed whodunnit's ghost (amateur OpWr)
  3124 | D:4      | Reached skill level 5 in Fighting
  3124 | D:4      | Reached XP level 6. HP: 48/56 MP: 6/6
  3196 | D:4      | Slain by an ogre

Illustrated notes

Levels and vault maps discovered:
D:1:      matt_arrival_spirals, layout_basic, hex_tiny,
          hangedman_abyss_or_decor_lesser_grid, grunt_decor_fettered
D:2:      layout_basic
D:3:      layout_loops_ring, gammafunk_ghost_icy, dreamdust_mushroom_princess,
          dk_noncrumbling_2, kennysheep_generic_room_12, uniq_natasha
D:4:      layout_basic, mainiacjoe_overflow_24_doors

Skill      XL: |  1  2  3  4  5 |
---------------+----------------+-----
Axes           | 3 4 |  4.8
Fighting       | 4 5 |  5.1
Armour         | 4 |  4.2
Shields        | 4 |  4.1

Action                     |  1- 3 |  4- 6 || total
---------------------------+-------+-------++-------
  Melee: War axe           |    31 |       ||    31
         Broad axe         |    71 |    76 ||   147
 Armour: Scale mail        |   101 |    69 ||   170
  Dodge: Dodged            |    48 |    41 ||    89
  Block: Buckler           |    25 |    14 ||    39
         Form:             |     1 |       ||     1
         Statue            |     1 |       ||     1

Table legend: (Time is in decaauts)
 A = Elapsed time spent in this place.
 B = Non-inter-level travel time spent in this place.
 C = Inter-level travel time spent in this place.
 D = Time resting spent in this place.
 E = Time spent auto-exploring this place.
 F = Levels seen in this place.
 G = Mean time per level.
                   A        B        C        D        E       F      G
               +--------+--------+--------+--------+--------+-----+--------+
         Total |   3297 |   3145 |    152 |    136 |   2435 |   4 |  824.2 |
       Dungeon |   3297 |   3145 |    152 |    136 |   2435 |   4 |  824.2 |
               +--------+--------+--------+--------+--------+-----+--------+

Top non-repeatable levels by time:
     D:3: 1097 daAuts
     D:2: 1061 daAuts
     D:1: 820 daAuts
     D:4: 317 daAuts
